 Dungeon Crawl Stone Soup version 0.29-a0-520-gc852659d43 (webtiles) character file.

Game seed: 11033425704639773858

23 HoaS the Bolt Thrower (level 3, -2/19 (21) HPs)
             Began as a Kobold Hunter on May 31, 2022.
             Slain by a gnoll
             ... wielding a +1 flail of draining
              (10 damage)
             ... on level 1 of the Dungeon.
             The game lasted 00:02:01 (951 turns).

HoaS the Bolt Thrower (Kobold Hunter)                Turns: 951, Time: 00:02:01

HP:   -2/19 (21)    AC:  4    Str:  8    XL:     3   Next: 10%
MP:   3/3           EV: 14    Int: 10    God:
Gold: 29            SH:  0    Dex: 20    Spells: 2/2 levels left

rFire   . . .      SeeInvis .   a - +1 hand crossbow
rCold   . . .      Faith    .   (no shield)
rNeg    . . .      Spirit   .   b - +1 leather armour
rPois   .          Reflect  .   (no helmet)
rElec   .          Harm     .   (no cloak)
rCorr   .          Rampage  .   (no gloves)
Will    .....                   (no boots)
Stlth   +++.......              (no amulet)
HPRegen 0.06/turn               (no ring)
MPRegen 0.08/turn               (no ring)

@: drained
A: small, no large weapons, nightstalker 3
a: no special abilities


You were on level 1 of the Dungeon.
You visited 1 branch of the dungeon, and saw 2 of its levels.

You collected 29 gold pieces.

Inventory:

Hand Weapons
 a - a +1 hand crossbow (weapon)
Armour
 b - a +1 leather armour (worn)
Scrolls
 c - a scroll of immolation
 e - a scroll of teleportation
Potions
 f - a potion of curing {unknown}
 i - a potion of brilliance {unknown}


   Skills:
 - Level 2.1 Fighting
 + Level 6.4 Crossbows
 - Level 2.4 Dodging
 - Level 1.3 Stealth


You had 2 spell levels left.
You didn't know any spells.
Your spell library contained the following spells:

 Spells                   Type           Power      Damage    Failure   Level
 Apportation              Tloc           0%         N/A       50%         1
 Necrotize                Necr           0%         1d4       50%         1
 Summon Small Mammal      Summ           0%         N/A       50%         1


Dungeon Overview and Level Annotations

Branches:
Dungeon (2/15)

Altars:


Innate Abilities, Weirdness & Mutations

You are small and have problems with some larger weapons.
You are completely attuned to the shadows.


Message History

Your ball python dissolves into shadows!
Done waiting.
A gnoll comes into view. It is wielding a +1 flail of draining.
Found a glowing ring mail.
Your line of fire to the gnoll is blocked by a plant.
Continue anyway? [Y]es or [N]o only, please.
Your line of fire to the gnoll is blocked by a plant.
Continue anyway?
Okay, then.
The gnoll shouts!
You hear a shout! x2; You hear an angry hiss.
A gnoll comes into view. It is wielding a +1 spear of venom.
You shoot a bolt. The bolt hits the gnoll!
The gnoll is severely wounded.
The gnoll attacks as you move away! The gnoll barely misses you.
The gnoll closely misses you.
There is a stone staircase leading up here.
The gnoll closely misses you.
The gnoll hits you with a +1 flail of draining!
You feel drained.
You climb upwards.
There is a stone staircase leading down here.
You shoot a bolt. The bolt hits the gnoll.
The gnoll is almost dead.
The gnoll barely misses you.
The gnoll hits you with a +1 flail of draining.
You feel drained.
You are too injured to fight recklessly!
You are too injured to fight recklessly!
You are too injured to fight recklessly!
Shoot: a) +1 hand crossbow
Press: ? - help, Q - select action Shift-Dir - straight line, f/p - gnoll
Aim: a gnoll, wielding a +1 flail of draining (almost dead, 71% to hit)
You shoot a bolt. The bolt barely misses the gnoll.
The gnoll closely misses you.
Shoot: a) +1 hand crossbow
Press: ? - help, Q - select action Shift-Dir - straight line, f/p - gnoll
Aim: a gnoll, wielding a +1 flail of draining (almost dead, 71% to hit)
You shoot a bolt. The bolt closely misses the gnoll.
The gnoll hits you with a +1 flail of draining!
Ouch! That really hurt!
You die...

.#######..........#
.........(....##..#
...............#..#
........#'####.#..#
........#.#
#.#..###
........#.#
#......#
....#####.#
##.....# ....#
#.#####.....# ....#
##.......@g###
'#### ##..........#
.# #...)....#### .#
#........# .#
#..[.....# .#
#........# .#
#........# .#
#........#
.#######.#######


You could see a gnoll.

Vanquished Creatures
  4 endoplasms (D:1)
  A giant cockroach (D:1)
  A hobgoblin (D:1)
  2 quokkas (D:1)
  3 ball pythons
  2 goblins (D:1)
  3 kobolds (D:1)
  5 rats (D:1)
21 creatures vanquished.

Vanquished Creatures (others)
  A plant (D:2)
1 creature vanquished.

Grand Total: 22 creatures vanquished

Notes
Turn   | Place    | Note
-------+----------+-------------------------------------------
     0 | D:1      | HoaS the Kobold Hunter began the quest for the Orb.
     0 | D:1      | Reached XP level 1. HP: 12/12 MP: 1/1
   350 | D:1      | Reached XP level 2. HP: 17/17 MP: 2/2
   354 | D:1      | Reached skill level 6 in Crossbows
   550 | D:1      | Found a faded altar of an unknown god.
   607 | D:1      | Reached XP level 3. HP: 21/21 MP: 3/3
   951 | D:1      | Slain by a gnoll

Illustrated notes

Levels and vault maps discovered:
D:1:      ncdulo_smallfort, layout_basic, shapermc_ecumenical_altar_venn
D:2:      layout_rooms, minmay_splitting_lines, chequers_serial_rivers_micro_e,
          nicolae_grassy_gnolls, uniq_robin

Skill      XL: |  1  2 |
---------------+-------+-----
Crossbows      | 6 |  6.4
Fighting       | |  2.1
Dodging        | |  2.4
Stealth        | |  1.3

Action                   || total
-------------------------++-------
 Fire: Hand crossbow     ||    47
  Use: Scroll            ||     5
Armor: Leather armour    ||     1
Dodge: Dodged            ||    11

Table legend: (Time is in decaauts)
 A = Elapsed time spent in this place.
 B = Non-inter-level travel time spent in this place.
 C = Inter-level travel time spent in this place.
 D = Time resting spent in this place.
 E = Time spent auto-exploring this place.
 F = Levels seen in this place.
 G = Mean time per level.
                   A        B        C        D        E       F      G
               +--------+--------+--------+--------+--------+-----+--------+
         Total |    963 |    944 |     19 |    300 |    526 |   2 |  481.5 |
       Dungeon |    963 |    944 |     19 |    300 |    526 |   2 |  481.5 |
               +--------+--------+--------+--------+--------+-----+--------+

Top non-repeatable levels by time:
     D:1: 839 daAuts
     D:2: 124 daAuts
